 Dungeon Crawl Stone Soup version 0.14-a0-19-g3ffea20 (webtiles) character file.

7429 Gruud the Basher (level 10, -10/93 HPs)
             Began as a Djinni Fighter on Sept 23, 2013.
             Was a Priest of Nemelex Xobeh.
             Killed by an exploding giant spore (39 damage)
             ... on Level 8 of the Dungeon on Sept 25, 2013.
             The game lasted 00:34:43 (8186 turns).

Gruud the Basher (Djinni Fighter)                   Turns: 8186, Time: 00:34:43

HP -10/93        AC 16     Str 16      XL: 10   Next: 84%
MP   0/0         EV  2     Int 17      God: Nemelex Xobeh [***...]
Gold 340         SH  0     Dex  6      Spells:  0 memorised,  9 levels left

Res.Fire  : + + +   See Invis. : .   a - +0 morningstar
Res.Cold  : . . .   Warding    : .   F - +0 orc plate armour
Life Prot.: + + +   Conserve   : .   c - +0 shield
Res.Poison: .       Res.Corr.  : .   q - +0 cap
Res.Elec. : .       Clarity    : .   I - +0 cloak
Sust.Abil.: . .     Spirit.Shd : .   E - +0 pair of gloves
Res.Mut.  : .       Stasis     : .   (boots unavailable)
Res.Rott. : .       Flight     : .   (no amulet)
Saprovore : . . .                    m - ring of protection from cold
                                     p - cursed ring of magical power

@: confused, somewhat resistant to hostile enchantments, extremely unstealthy
A: fire immunity, cold vulnerability, life protection 3, Dex -2
a: Draw One, Peek at Two, Triple Draw, Renounce Religion


You were on level 8 of the Dungeon.
You worshipped Nemelex Xobeh.
Nemelex Xobeh was most pleased with you.
You were not hungry.

You visited 2 branches of the dungeon, and saw 9 of its levels.

You collected 320 gold pieces.

Inventory:

Hand weapons
 a - a +0,+0 morningstar (weapon)
 t - a +2 blowgun
 y - a +1,+1 flail
Missiles
 A - 3 curare-tipped needles
Armour
 c - a +0 shield (worn)
 d - a +0 elven chain mail
 q - a +0 cap (worn)
 E - a +0 pair of gloves (worn)
 F - a +0 orcish plate armour (worn)
 I - a +0 cloak (worn)
Magical devices
 k - a wand of slowing (4)
Scrolls
 b - 5 scrolls of teleportation
 f - a scroll of curse jewellery {unknown}
 g - 2 scrolls of enchant armour {unknown}
 i - 3 scrolls of enchant weapon II
 j - 7 scrolls of remove curse
 l - a scroll of curse weapon {unknown}
 n - 2 scrolls of noise
 z - a scroll of curse armour {unknown}
 G - a scroll of enchant weapon I
 H - 2 scrolls of magic mapping {unknown}
Jewellery
 m - a ring of protection from cold (right hand)
 o - an uncursed ring of flight
 p - a cursed ring of magical power (left hand)
 r - an uncursed ring of flight
 v - an uncursed ring of sustain abilities
Potions
 e - 4 potions of might
 h - 2 potions of heal wounds
 s - a potion of speed {unknown}
 u - 4 potions of restore abilities
 w - a potion of confusion {unknown}
 B - 5 potions of curing
 C - a potion of brilliance {unknown}
 K - a potion of resistance {unknown}


   Skills:
 - Level 2.6 Fighting
 - Level 13.1 Maces & Flails
 - Level 8.2 Armour
 - Level 3.0 Shields
 * Level 9.2 Evocations


You had 9 spell levels left.
You didn't know any spells.

Dungeon Overview and Level Annotations

Branches:
Dungeon (8/27)             Temple (1/1) D:4             Orc (0/4) D:8
   Lair: D:8-13

Altars:
Ashenzari
Cheibriados
Elyvilon
Fedhas
Kikubaaqudgha
Makhleb
Nemelex Xobeh
Okawaru
Sif Muna
Trog
Vehumet
Xom
Yredelemnul
Zin
the Shining One

Annotations:
D:2 Sigmund


Innate Abilities, Weirdness & Mutations

You are immune to all types of fire, even holy and hellish.
You are vulnerable to cold.
You need no food.
You have no legs.
You are immune to negative energy.
You are clumsy. (Dex -2)


Message History

You block the manticore's attack.
The manticore claws you but does no damage.
A giant spore comes into view.
You puncture the manticore!
You kill the manticore!
The rat zombie bites you but does no damage.
You block the rat zombie's attack.
Your shield and plate armour prevent you from hitting the rat zombie.
You block the rat zombie's attack.
You hit the rat zombie. You hit the rat zombie.
The rat zombie bites you but does no damage.
You puncture the rat zombie!
You destroy the rat zombie!
Your shield and plate armour prevent you from hitting the giant spore.
The giant spore explodes!
The explosion of spores engulfs you!
You are confused.
You die...
Your body disappears without a glow.

..#.......# #.#.#.##.#...........
###.......# #.#......#.#....#.###
# . ...###.#......#....#.#.###
....<...........................+
##..... .#..........##.#######
.... #.#.######.##.####### ...
#.................... .
###.####....#.#...... ≈ ≈≈.
#.@..#....#.#...... ≈≈≈≈;≈..
.#######.#....#........ ≈≈≈;≈≈...
...f.!.%.#.............
≈≈≈≈J..............#.............
.;≈≈≈≈........!...%#.............
....;;..........*..####....######
.h..............f..# ###........
...Z..............## #........
...<.............. #........


There were no monsters in sight!

Vanquished Creatures
  A polar bear (D:8)
  6 yaks
  2 hippogriffs (D:8)
  A wolf (D:8)
  Menkaure (D:5)
  A manticore (D:8)
  A black bear (D:5)
  A phantom (D:5)
  A trapdoor spider simulacrum (D:8)
  2 orc warriors
  2 sky beasts
  A deep dwarf (D:8)
  5 ogres
  4 wargs (D:8)
  A giant frog (D:8)
  6 crimson imps
  A giant frog zombie (D:8)
  A goliath beetle (D:7)
  A quasit (D:7)
  2 hounds
  A yellow wasp zombie (D:8)
  Crazy Yiuf (D:7)
  An orc priest (D:5)
  2 iguanas
  5 orc wizards
  A water moccasin skeleton (D:4)
  A scorpion (D:6)
  3 worker ants
  A killer bee zombie (D:6)
  An ogre skeleton (D:5)
  A sky beast zombie (D:6)
  An adder (D:5)
  7 gnolls
  An ogre simulacrum (D:8)
  A worm (D:5)
  2 white imps (D:8)
  2 giant geckos
  3 oozes
  24 orcs
  A bat skeleton (D:4)
  10 giant cockroaches
  12 hobgoblins
  6 jackals
  3 quokkas
  3 ball pythons
  13 bats
  A giant gecko skeleton (D:7)
  3 giant newts
  15 goblins
  2 goblin skeletons
  9 kobolds
  12 rats
  A rat skeleton (D:6)
  A rat zombie (D:8)
192 creatures vanquished.

Vanquished Creatures (others)
  A dancing weapon (D:8)
  A centaur skeleton (D:8)
  A hound zombie (D:8)
  A giant spore (D:8)
  A ballistomycete (D:8)
5 creatures vanquished.

Grand Total: 197 creatures vanquished

Notes
Turn   | Place    | Note
--------------------------------------------------------------
     0 | D:1      | Gruud, the Djinni Fighter, began the quest for the Orb.
     0 | D:1      | Reached XP level 1. HP: 16/16 MP: 0/0
   143 | D:1      | Reached XP level 2. EP: 12/22
   632 | D:1      | Reached XP level 3. EP: 25/28
  1146 | D:2      | Reached skill level 4 in Maces & Flails
  1273 | D:2      | Noticed Sigmund
  1391 | D:3      | Reached XP level 4. EP: 30/35
  1711 | D:3      | Reached skill level 5 in Maces & Flails
  1738 | D:3      | Reached XP level 5. EP: 40/40
  1976 | D:4      | Noticed an ogre
  2329 | D:4      | Upgraded the game from 0.13-a0-3153-g497d563 to 0.14-a0-19-g3ffea20
  2396 | D:4      | Reached skill level 6 in Maces & Flails
  2607 | D:5      | Entered Level 5 of the Dungeon
  2932 | D:5      | Reached XP level 6. EP: 31/47
  3031 | D:5      | Noticed Menkaure
  3121 | D:4      | Killed an ogre
  3121 | D:4      | Reached skill level 7 in Maces & Flails
  3134 | D:4      | Found a staircase to the Ecumenical Temple.
  3152 | Temple   | Entered the Ecumenical Temple
  3190 | Temple   | Became a worshipper of Nemelex Xobeh
  3196 | Temple   | Received a gift from Nemelex Xobeh
  3209 | Temple   | Gained mutation: You are resistant to electric shocks. [helix card]
  3346 | D:4      | Lost mutation: You are resistant to electric shocks. [helix card]
  3349 | D:4      | Paralysed by a potion of paralysis for 4 turns
  3353 | D:4      | Gained mutation: You are clumsy. (Dex -2) [helix card]
  3377 | D:5      | Noticed a sky beast
  3388 | D:5      | Killed a sky beast
  3453 | D:5      | Reached XP level 7. EP: 36/53
  3592 | D:5      | Killed Menkaure
  3592 | D:5      | Reached skill level 8 in Maces & Flails
  3677 | D:5      | Noticed a phantom
  3722 | D:5      | Killed a phantom
  3925 | D:4      | Acquired Nemelex Xobeh's first power
  3925 | D:4      | Received a gift from Nemelex Xobeh
  4159 | D:5      | Reached skill level 9 in Maces & Flails
  4364 | D:6      | Reached XP level 8. EP: 57/60
  4442 | D:6      | Reached skill level 11 in Maces & Flails
  4442 | D:6      | Reached XP level 9. EP: 65/65
  4443 | D:6      | Reached skill level 13 in Maces & Flails
  4443 | D:6      | Reached XP level 10. EP: 72/72
  4444 | D:6      | Shuffle card: Str 16[16], Int 17[17], Dex 8[6]
  4445 | D:6      | Acquired Nemelex Xobeh's second power
  4906 | D:6      | Noticed a yak
  4907 | D:6      | Noticed a yak
  4908 | D:6      | Noticed a yak
  4928 | D:6      | Noticed a yak
  4930 | D:6      | Noticed a yak
  4948 | D:5      | Killed a yak
  4961 | D:5      | Killed a yak
  5195 | D:5      | Killed a yak
  5195 | D:5      | Reached skill level 1 in Evocations
  5201 | D:5      | Killed a yak
  5394 | D:6      | Killed a yak
  5660 | D:5      | Received a gift from Nemelex Xobeh
  6323 | D:6      | Reached skill level 5 in Evocations
  6705 | D:7      | Noticed Crazy Yiuf
  6710 | D:7      | Killed Crazy Yiuf
  7122 | D:8      | Acquired Nemelex Xobeh's third power
  7330 | D:8      | Found a staircase to the Orcish Mines.
  7751 | D:8      | Received a gift from Nemelex Xobeh
  8186 | D:8      | Killed by an exploding giant spore

Action                   |  1- 3 |  4- 6 |  7- 9 | 10-12 || total
-------------------------+-------+-------+-------+-------++-------
Melee: Whip              |   234 |    13 |       |       ||   247
       Mace              |     8 |       |       |       ||     8
       Flail             |       |   229 |   115 |    23 ||   367
       Morningstar       |       |       |       |   436 ||   436
 Fire: Blowgun           |       |       |       |     1 ||     1
Invok: Peek at Two       |       |       |       |     2 ||     2
Evoke: Deck              |       |    10 |     1 |    10 ||    21
       Wand              |       |       |       |     2 ||     2
  Use: Scroll            |     1 |    15 |     3 |     4 ||    23
       Potion            |       |       |       |     1 ||     1
